wizbiz, neutral female human Wizard -------------- |.......%.%..| ---..--------..| |...-- |.-- |.--- ----|.| --- |.| |..-|.| |.--- |.| |...|.| |...-- |.| --....| --...| ---.- --....--- ---..-- ...... ........|.--..|...| ---.- -................| --.|.| |-..|...%........| |....|..| |..-|............| |....|..| |..-|.----...|..- --......----...|.| ----- --............-|.-- |............- |.a| |.......--... |@.| ---.|.- . --.| ---- --- wizbiz the Thaumaturge Experience level: 6 Strength: 10 Dexterity: 13 Constitution: 16 Intelligence: 18 Wisdom: 10 Charisma: 8 Health: 0(60) Energy: 2(66) Def: 7 Gold: 439 Moves: 2521 Dungeon seed: vY7DAkLPTaNLUCL9 Game ID: wizbiz_1526329064 Your Inventory: Coins $ - 439 gold pieces Weapons a - a blessed +1 quarterstaff (weapon in hands) Armor e - an uncursed +1 cloak of magic resistance (being worn) n - an uncursed +0 orcish helm (being worn) r - a cursed +0 studded leather armor (being worn) y - an uncursed +0 pair of kicking boots (being worn) Scrolls j - a blessed scroll of identify q - an uncursed scroll of identify s - an uncursed scroll of teleportation D - an uncursed scroll of confuse monster F - an uncursed scroll of amnesia M - a cursed scroll of remove curse Spellbooks l - a blessed spellbook of force bolt m - an uncursed spellbook of cure blindness Potions f - a blessed potion of gain ability g - an uncursed potion of blindness o - an uncursed potion of invisibility p - an uncursed potion of confusion t - an uncursed potion of water Rings c - an uncursed +2 ring of protection d - an uncursed +3 ring of gain constitution Wands b - a wand of striking (0:7) Tools z - an uncursed blindfold E - an uncursed skeleton key J - an uncursed partly used tallow candle (lit) (0:64) K - an expensive camera (0:59) L - an uncursed tin whistle Gems N - an uncursed ruby Spells and supernatural/magical abilities: Name Level Category Fail Memory a - force bolt 1 attack 4% 88% B - cure blindness 2 healing 68% 88% W - pray for help -- divine ? -- Your skills at the end: Fighting Skills Weapon Skills quarterstaff [Basic] Spellcasting Skills attack spells [Basic] enchantment spells [Basic] Final Attributes: You were piously aligned. You were magic-protected. You are dead. Vanquished creatures: a small mimic a leprechaun a gnome king a bugbear a little dog 3 dwarves a homunculus 3 dwarf zombies a wererat 4 killer bees a hobbit a large kobold 2 cave spiders 5 gnomes 4 geckos 3 jackals a fox 2 kobolds 4 goblins 2 sewer rats 4 grid bugs a bat 3 lichens 3 newts 53 creatures vanquished. Voluntary challenges: You used a wielded weapon 39 times, starting on turn 198. You read items or engraved 17 times, starting on turn 374. You never genocided any monsters. You never polymorphed an object. You never changed form. You used no wishes. You never split a pudding. You wrote Elbereth's name 14 times, starting on turn 1685. You violated your moral code, losing 14 points of alignment, starting on turn 1459. Dungeon overview: The Dungeons of Doom: levels 1 to 4 Level 1 a long staircase Level 2 a general store, a fountain, a sink Level 3 a general store, an altar to Ptah Level 4 an armor shop stairs to The Gnomish Mines The Gnomish Mines: levels 5 to 6 Level 5 stairs to The Dungeons of Doom Level 6 <- You were here History has recorded: On T:1 you entered the Dungeons of Doom to retrieve the Amulet of Yendor! On T:341 you reached level 2 of The Dungeons of Doom. On T:581 you advanced to experience level 2. On T:921 you reached level 3 of The Dungeons of Doom. On T:940 you advanced to experience level 3. On T:1027 you reached level 4 of The Dungeons of Doom. On T:1497 you advanced to experience level 4. On T:1671 you reached level 1 of The Gnomish Mines. On T:1878 you advanced to experience level 5. On T:2313 you reached level 2 of The Gnomish Mines. On T:2444 you advanced to experience level 6. Score breakdown: Gold: 439 ( 8992 points) Experience: 6 levels (12456 points) Exploration: 6 levels ( 12.77%) ( 9890 points) Discoveries: 8 items ( 2.79%) ( 5008 points) Valuables value: (no points given unless you survive) Artifact value: 0 ( 0 points) Variety of kills: 24 monsters ( 6.30%) ( 7529 points) Turncount: 2521 turns ( -342 points) Survival: died (score multiplied by 80%) Total score: 34826 Latest messages: You fail to cast the spell correctly. The killer bee stings! (2x) The spell misses the killer bee. The killer bee stings! You add to the writing in the dust with your fingers. The killer bee turns to flee! Something is written here in the dust. You read: "Elber??n". Your candle is getting short. The killer bee stings! You miss the killer bee. The killer bee stings! (2x) You write in the dust with your fingers. The killer bee turns to flee! (2x) You add to the writing in the dust with your fingers. You kill the killer bee! The killer bee stings! You miss the killer bee. The killer bee stings! You die... Final status: Goodbye wizbiz the Wizard, killed by a killer bee... You died in The Gnomish Mines on dungeon level 6 with 34826 points, and 439 pieces of gold, after 2521 moves. You were level 6 with a maximum of 60 hit points when you died.